 Dungeon Crawl Stone Soup version 0.26.0-20-g3ca415f5b8 (webtiles) character file.

Game seed: 18026933471812849893

212250 trckry the Basher (level 18, -21/154 HPs)
             Began as a Ghoul Hunter on Jan 24, 2021.
             Was the Champion of Okawaru.
             Killed from afar by an eleionoma (47 damage)
             ... with a spray of wooden splinters
             ... on level 4 of the Swamp.
             The game lasted 01:47:58 (47538 turns).

trckry the Basher (Ghoul Hunter)                   Turns: 47538, Time: 01:47:59

Health: -21/154    AC: 32    Str: 24    XL:     18   Next: 92%
Magic:  8/8        EV: 13    Int:  6    God:    Okawaru [******]
Gold:   2766       SH: 18    Dex: 12    Spells: 17/17 levels left

rFire    . . .     SeeInvis +   b - +7 eveningstar "Gusysouk" {antimagic, rElec Dex+3}
rCold    + . .     Faith    .   Y - +0 tower shield
rNeg     + + +     Spirit   .   L - +3 plate armour {rN+}
rPois    ∞         Reflect  .   p - +2 helmet {SInv}
rElec    +         Harm     .   o - +2 cloak {Will+}
rCorr    .         Rampage  .   s - +1 pair of gloves {archery}
Will     ++...                  h - +0 pair of boots {run}
Stlth    ..........             (no amulet)
HPRegen  0.00/turn              w - +4 ring of evasion
MPRegen  0.11/turn              C - +4 ring of protection

@: very slow
A: claws 1, cold resistance 1, negative energy resistance 3, inhibited
regeneration, torment resistance, unbreathing
}: 1/15 runes: serpentine
a: Renounce Religion, Heroism, Finesse


You were on level 4 of the Swamp.
You worshipped Okawaru.
Okawaru was exalted by your worship.
You visited 6 branches of the dungeon, and saw 32 of its levels.
You also visited: Ice Cave.

You collected 3722 gold pieces.
You spent 956 gold pieces at shops.

Inventory:

Hand Weapons
 a - a +3 fustibalus of freezing
 b - the +7 eveningstar "Gusysouk" (weapon) {antimagic, rElec Dex+3}
   (You acquired it on level 1 of the Snake Pit)

   It reduces the magical energy of the wielder, and disrupts the spells and
   magical abilities of those hit.
   Natural abilities and divine invocations are not affected.
   It affects your dexterity (+3).
   It insulates you from electricity.
Missiles
 d - 118 sling bullets
 e - 1043 stones
 g - 10 silver javelins
 v - a throwing net
 K - 23 curare-tipped darts (quivered)
Armour
 h - a +0 pair of boots of running (worn)
 o - a +2 cloak of willpower (worn)
 p - a +2 helmet of see invisible (worn)
 s - a +1 pair of gloves of archery (worn)
 B - a +0 pair of boots of flying
 L - a +3 plate armour of positive energy (worn)
 Y - a +0 tower shield (worn)
Jewellery
 k - an uncursed ring of willpower
 m - an uncursed ring of protection from fire
 w - a +4 ring of evasion (left hand)
 C - a +4 ring of protection (right hand)
 P - a +4 ring of slaying
 S - an uncursed ring of wizardry
 U - the ring "Voedus" {rPois rC+ Str-5 Dex+8}
   (You found it on level 15 of the Dungeon)

   [ring of poison resistance]

   It affects your strength (-5).
   It affects your dexterity (+8).
   It protects you from cold.
   It protects you from poison.
 X - the ring of the Meadowlark {rCorr Stlth+}
   (You found it on level 15 of the Dungeon)

   [ring of resist corrosion]

   It provides partial protection from all sources of acid and corrosion.
   It makes you more stealthy.
Wands
 c - a wand of digging (12)
 u - a wand of iceblast (16)
 A - a wand of flame (38)
 G - a wand of disintegration (39)
 I - a wand of random effects (30)
 N - a wand of enslavement (22)
Scrolls
 f - 33 scrolls of identify
 i - 10 scrolls of teleportation
 j - 13 scrolls of remove curse
 q - 5 scrolls of enchant armour
 r - 2 scrolls of enchant weapon
 x - 4 scrolls of immolation
 y - a scroll of fear
 J - 2 scrolls of blinking
 Q - a scroll of silence
 R - 3 scrolls of fog
 V - 2 scrolls of magic mapping
Potions
 n - a potion of invisibility
 t - a potion of magic
 z - 11 potions of curing
 D - 4 potions of haste
 F - a potion of cancellation
 M - 4 potions of might
 O - 2 potions of ambrosia
 T - a potion of flight
 W - a potion of heal wounds
Miscellaneous
 l - a lightning rod (4/4)
 E - a phantom mirror
 H - a condenser vane


   Skills:
 + Level 12.2 Fighting
 * Level 14.1 Maces & Flails
 - Level 14.0 Slings
 + Level 10.5 Armour
 + Level 10.6 Dodging
 - Level 1.1 Stealth
 + Level 10.4 Shields
 - Level 10.0 Invocations
 + Level 10.4 Evocations


You had 17 spell levels left.
You didn't know any spells.
Your spell library contained the following spells:

 Spells                   Type           Power        Failure   Level
 Animate Skeleton         Necr           0%           100%        1
 Apportation              Tloc           0%           100%        1
 Corona                   Hex            0%           100%        1
 Freeze                   Ice            0%           100%        1
 Pain                     Necr           0%           100%        1
 Shock                    Conj/Air       0%           100%        1
 Summon Small Mammal      Summ           0%           100%        1
 Corpse Rot               Necr/Air       N/A          100%        2
 Swiftness                Air            0%           100%        2
 Frozen Ramparts          Ice            0%           100%        3
 Ozocubu's Armour         Ice            0%           100%        3
 Static Discharge         Conj/Air       0%           100%        3
 Vampiric Draining        Necr           0%           100%        3
 Airstrike                Air            0%           100%        4
 Animate Dead             Necr           0%           100%        4
 Dispel Undead            Necr           0%           100%        4
 Hailstorm                Conj/Ice       0%           100%        4
 Summon Ice Beast         Ice/Summ       0%           100%        4
 Agony                    Necr           0%           100%        5
 Bolt of Magma            Conj/Fire/Erth 0%           100%        5
 Excruciating Wounds      Necr           0%           100%        5
 Iskenderun's Battlesphe  Conj           0%           100%        5
 Lightning Bolt           Conj/Air       0%           100%        5
 Iron Shot                Conj/Erth      0%           100%        6
 Orb of Destruction       Conj           0%           100%        7
 Spellforged Servitor     Conj/Summ      0%           100%        7
 Sublimation of Blood     Necr           Unusable     N/A         2

Dungeon Overview and Level Annotations

Branches:
Dungeon (15/15)            Temple (1/1) D:6            Lair (6/6) D:10
  Swamp (4/4) Lair:3        Snake (4/4) Lair:4        Slime (0/5) Lair:5
    Orc (2/2) D:9             Elf (0/3) Orc:2        Vaults (0/5) D:14
 Depths (0/5) D:15          IceCv (visited)

Altars:
Ashenzari
Cheibriados
Dithmenos
Elyvilon
Fedhas
Gozag
Hepliaklqana
Kikubaaqudgha
Nemelex Xobeh
Okawaru
Qazlal
Ru
Sif Muna
Trog
Uskayaw
Vehumet
Wu Jian
Xom
Yredelemnul
Zin
The Shining One
Jiyva

Shops:
D:8 *   D:9 (   D:15 **?   Orc:2 ==[[   Snake:1 !   Snake:2 *   Snake:3 (

Annotations:
D:14 2 runed translucent doors
Lair:4 exclusion: oklob plant
Swamp:2 Roxanne


Innate Abilities, Weirdness & Mutations

You thrive by killing the living.
You are immune to poison.
You have sharp fingernails.
Your flesh is cold resistant. (rC+)
You are immune to negative energy. (rN+++)
You do not regenerate when monsters are visible.
You are immune to unholy pain and torment.
You can survive without breathing.


Message History

You thump the eleionoma!
The eleionoma's magic leaks into the air.
The eleionoma is heavily wounded.
You impale the eleionoma!!
The eleionoma's magic leaks into the air.
The eleionoma is almost dead.
The eleionoma falters for a moment.
Your unstable footing causes you to fumble your attack.
You block the eleionoma's attack.
You puncture the eleionoma!
The eleionoma's magic leaks into the air.
The eleionoma is almost dead.
The eleionoma falters for a moment.
Your unstable footing causes you to fumble your attack.
The eleionoma splashes around in the water.
You closely miss the eleionoma.
The eleionoma is almost dead.
The eleionoma hurls a spray of splinters at you.
The spray of wooden splinters hits you!!!
You die...

(≈≈≈. ♣♣).≈≈. .≈♣♣
♣≈≈..♣♣ ♣≈≈≈≈.♣ ≈≈≈♣
.≈.≈..?♣♣..≈≈§♣♣..♣
≈≈≈≈.≈≈≈♣♣.≈§≈.≈♣ ♣♣
≈≈≈≈.≈≈≈≈≈§≈≈≈≈≈♣♣.♣
≈≈≈≈.≈≈≈≈≈≈≈≈≈≈.≈≈≈♣♣
≈≈....(.≈≈≈≈≈§§.≈≈≈§♣
≈♣<.§≈≈≈§.<≈≈≈≈♣ ♣♣♣
♣♣≈.≈§≈≈≈§@≈≈≈≈♣♣ ≈.
♣.♣...§≈≈≈≈R≈≈≈≈≈♣
.♣♣....≈≈.≈≈≈.≈§≈≈♣♣
♣≈≈§.≈≈.[.≈...≈≈..♣
♣♣♣♣≈≈..≈≈...≈.≈≈..≈♣♣
.≈≈≈.<≈≈≈...♣.≈≈≈.≈♣♣
≈≈≈.≈♣≈≈≈≈≈....≈≈..♣
w......≈≈≈≈♣♣≈..≈♣♣♣
.§........♣♣♣≈♣≈♣♣


You could see an eleionoma.

Vanquished Creatures
  Vashnia (Snake:3)
  Gastronok (D:9)
  A thorn hunter (Swamp:3)
  Kirke (Snake:1)
  6 nagarajas
  A fenstrider witch (Swamp:2)
  A frost giant (D:15)
  An orc warlord (Orc:1)
  Aizul (Snake:1)
  A stone giant (D:15)
  Azrael (Orc:2)
  4 bunyips
  2 entropy weavers (Lair:5)
  Snorg (D:10)
  An ettin (D:15)
  3 eleionomae (Swamp:3)
  A fire dragon (D:14)
  2 ogre magi (D:15)
  Harold (D:10)
  A yaktaur captain (D:15)
  4 vault guards (D:15)
  2 rakshasas (D:15)
  11 hydras
  3 centaur warriors (D:15)
  15 naga warriors
  4 boulder beetles
  2 ghost crabs
  Erolcha (D:10)
  A death knight (D:15)
  The ghost of SnakkuSnakku7 the Geomancer, a novice OpEE of Vehumet (Lair:1)
  8 alligators
  Erica (D:9)
  A queen ant (Lair:5)
  A catoblepas (Lair:6)
  6 death yaks (Lair:6)
  6 two-headed ogres
  3 anacondas (Snake:3)
  2 deep troll shamans
  5 shock serpents
  4 tengu warriors
  18 naga sharpshooters
  Sonja (Lair:4)
  Urug (Lair:2)
  2 goliath frogs
  3 unseen horrors
  2 salamander mystics
  3 skeletal warriors
  4 sea snakes
  5 swamp dragons
  2 bog bodies
  10 naga ritualists
  2 spriggan druids
  A lindwurm (Lair:6)
  Pikel (D:5)
  4 orc knights
  A wolf spider (D:15)
  15 ugly things
  A deep elf mage (D:15)
  An orc sorcerer (Orc:2)
  9 mana vipers
  A necromancer (D:15)
  5 cyclopes
  11 salamanders
  3 will-o-the-wisps
  2 manticores
  5 centaur zombies
  15 naga magi
  10 elephants
  9 guardian serpents
  36 black mambas
  2 gargoyles (D:13)
  3 ice statues
  A torpor snail (Lair:4)
  6 komodo dragons
  10 cane toads
  A freezing wraith (Lair:5)
  A komodo dragon (shapeshifter) (D:15)
  3 rime drakes
  A kobold demonologist (D:15)
  9 ice devils
  3 efreet
  8 trolls
  2 tengu conjurers
  6 tyrant leeches
  A bloated husk (Swamp:3)
  4 polar bears
  Grinder (D:5)
  Prince Ribbit (D:6)
  7 hornets
  10 blink frogs
  6 dream sheep (Lair:5)
  Sigmund (D:2)
  2 centaur simulacra (D:15)
  7 spriggans
  3 shadows
  32 yaks
  3 fire bats (Lair:6)
  A vampire (D:14)
  Eustachio (D:5)
  A wraith (D:15)
  3 wyverns
  3 hogs (Snake:1)
  A steam dragon (Lair:2)
  4 basilisks
  Menkaure (D:6)
  7 vampire mosquitoes
  12 swamp worms
  61 nagas
  7 soldier ants
  2 wargs
  2 acid dragons
  11 water moccasins
  2 hell hounds (Orc:2)
  4 floating eyes (D:15)
  9 ice beasts
  2 swamp drakes
  40 orc warriors
  4 sky beasts
  3 phantoms
  6 black bears
  2 eyes of draining
  12 ogres
  11 boggarts (D:15)
  3 necrophages
  20 centaurs
  19 wolves
  A lemure (D:5)
  2 big kobolds
  27 bullfrogs
  A wyvern zombie (D:7)
  A water moccasin zombie (D:9)
  4 scorpions
  A water moccasin skeleton (D:7)
  4 killer bees (D:9)
  8 wights
  2 electric eels (Snake:3)
  4 howler monkeys
  2 bullfrog zombies
  A wyvern simulacrum (D:15)
  A quasit (D:10)
  3 hounds
  A jelly (D:7)
  Crazy Yiuf (D:2)
  A gnoll shaman (D:3)
  12 orc priests
  3 centaur skeletons
  Jessica (D:2)
  5 iguanas
  8 orc wizards
  14 worker ants
  A killer bee zombie (D:7)
  A hound zombie (D:11)
  2 hound skeletons
  Robin (D:2)
  A howler monkey zombie (D:5)
  11 gnolls
  6 adders
  5 shadow imps
  23 white imps
  6 ufetubi
  An ooze (D:2)
  An adder skeleton (D:4)
  4 worms
  5 leopard geckos
  57 orcs
  5 bats
  7 giant cockroaches
  12 goblins
  9 hobgoblins
  10 jackals
  5 quokkas
  7 frilled lizards
  16 kobolds
  11 rats
999 creatures vanquished.

Vanquished Creatures (others)
  A fenstrider witch (Swamp:3)
  A reaper (IceCv)
  An unseen horror (D:12)
  A will-o-the-wisp (Swamp:4)
  A bloated husk (Swamp:4)
  A tyrant leech (Swamp:4)
  A human (Snake:1)
  A naga (Snake:1)
  2 hell hounds (Orc:2)
  A swamp drake (Swamp:3)
  A centaur (Orc:2)
  A white imp (IceCv)
  2 ufetubi (IceCv)
  2 orcs
  24 foxfires
  34 fungi
  88 plants
163 creatures vanquished.

Grand Total: 1162 creatures vanquished

Notes
Turn   | Place    | Note
-------+----------+-------------------------------------------
     0 | D:1      | trckry the Ghoul Hunter began the quest for the Orb.
     0 | D:1      | Reached XP level 1. HP: 17/17 MP: 0/0
   256 | D:1      | Reached XP level 2. HP: 24/24 MP: 1/1
   833 | D:2      | Reached XP level 3. HP: 30/30 MP: 2/2
   922 | D:2      | Reached skill level 1 in Maces & Flails
   947 | D:2      | Found a runed translucent door.
   948 | D:2      | Noticed Crazy Yiuf
   959 | D:2      | Killed Crazy Yiuf
  1010 | D:2      | Reached XP level 4. HP: 37/37 MP: 3/3
  1296 | D:2      | Reached skill level 1 in Invocations
  1359 | D:2      | Noticed Jessica
  1363 | D:2      | Killed Jessica
  1385 | D:2      | Noticed Sigmund
  1418 | D:2      | Killed Sigmund
  1419 | D:2      | Reached skill level 1 in Armour
  1419 | D:2      | Reached skill level 1 in Shields
  1419 | D:2      | Reached skill level 1 in Evocations
  1419 | D:2      | Reached XP level 5. HP: 29/44 MP: 3/5
  1419 | D:2      | Reached XP level 6. HP: 33/50 MP: 3/6
  1522 | D:2      | Noticed Robin
  1534 | D:2      | Killed Robin
  3304 | D:4      | Reached XP level 7. HP: 57/57 MP: 7/7
  3379 | D:4      | Found a glowing silver altar of Zin.
  3382 | D:4      | Found a blossoming altar of Fedhas.
  4015 | D:4      | Found a shimmering altar of Xom.
  4015 | D:4      | Found a radiant altar of Vehumet.
  4374 | D:5      | Entered Level 5 of the Dungeon
  4603 | D:5      | Reached skill level 5 in Slings
  4929 | D:5      | Noticed Eustachio
  4946 | D:5      | Killed Eustachio
  4947 | D:5      | Reached XP level 8. HP: 65/66 MP: 9/9
  5077 | D:5      | Noticed Pikel
  5115 | D:5      | Killed Pikel
  5384 | D:5      | Noticed Grinder
  5398 | D:5      | Killed Grinder
  5399 | D:5      | Reached XP level 9. HP: 70/71 MP: 10/10
  5735 | D:6      | Found a staircase to the Ecumenical Temple.
  5748 | Temple   | Entered the Ecumenical Temple
  5797 | Temple   | Became a worshipper of Warmaster Okawaru
  6071 | D:6      | Noticed Menkaure
  6082 | D:6      | Killed Menkaure
  6374 | D:6      | Noticed Prince Ribbit
  6391 | D:6      | Killed Prince Ribbit
  6655 | D:6      | Found a shimmering altar of Xom.
  7424 | D:7      | Reached * piety under Okawaru
  7535 | D:7      | Reached skill level 5 in Maces & Flails
  7746 | D:8      | Noticed a two-headed ogre
  7770 | D:8      | Killed a two-headed ogre
  7770 | D:8      | Reached ** piety under Okawaru
  7771 | D:8      | Reached skill level 5 in Fighting
  7771 | D:8      | Reached XP level 10. HP: 81/81 MP: 12/12
  7805 | D:8      | Noticed a two-headed ogre
  7851 | D:8      | Killed a two-headed ogre
  7972 | D:8      | Found Fepsedgh's Assorted Antiques.
  8340 | D:8      | Reached *** piety under Okawaru
  8627 | D:9      | Found Quojusi's Weapon Shop.
  8630 | D:9      | Reached skill level 5 in Invocations
  9072 | D:9      | Found a staircase to the Orcish Mines.
  9111 | D:9      | Noticed Erica
  9122 | D:9      | Killed Erica
  9153 | D:9      | HP: 6/83 [killer bee (5)]
  9153 | D:9      | HP: 2/83 [killer bee (4)]
  9162 | D:9      | Reached **** piety under Okawaru
  9175 | D:9      | HP: 6/83 [killer bee (6)]
  9537 | D:9      | Noticed Gastronok
  9582 | D:9      | HP: 5/83 [troll (10)]
  9590 | D:9      | HP: 5/83 [troll (8)]
  9591 | D:9      | HP: 1/83 [troll (4)]
 10097 | D:9      | Reached skill level 5 in Dodging
 10555 | D:9      | HP: 5/83 [Gastronok/the air (9)]
 10556 | D:9      | Killed Gastronok
 10556 | D:9      | Reached ***** piety under Okawaru
 10557 | D:9      | Reached XP level 11. HP: 18/89 MP: 14/14
 10793 | D:10     | Entered Level 10 of the Dungeon
 10827 | D:10     | Noticed Harold
 10859 | D:10     | Killed Harold
 10859 | D:10     | Received a gift from Okawaru
 11713 | D:10     | Reached skill level 5 in Armour
 11820 | D:10     | Noticed Erolcha
 12149 | D:10     | Killed Erolcha
 12149 | D:10     | Received a gift from Okawaru
 12149 | D:10     | Reached ****** piety under Okawaru
 12150 | D:10     | Reached skill level 5 in Shields
 12150 | D:10     | Reached skill level 5 in Evocations
 12264 | D:10     | Found a staircase to the Lair.
 12318 | D:11     | Noticed Snorg
 12358 | D:11     | Noticed a two-headed ogre
 12383 | D:10     | Killed Snorg
 12691 | D:10     | Killed a two-headed ogre
 12753 | D:11     | Noticed a cyclops
 12765 | D:11     | Noticed a manticore
 12787 | D:11     | Killed a manticore
 12998 | D:11     | Killed a cyclops
 13030 | D:11     | Noticed a skeletal warrior
 13030 | D:11     | Noticed a two-headed ogre
 13106 | D:11     | Killed a two-headed ogre
 13107 | D:11     | Reached XP level 12. HP: 93/97 MP: 15/15
 13502 | D:11     | Noticed a five-headed hydra
 13522 | D:11     | HP: 7/100 [five-headed hydra (9)]
 13523 | D:11     | Killed a five-headed hydra
 13876 | D:11     | Found a shimmering blue altar of Sif Muna.
 14036 | D:11     | Received a gift from Okawaru
 14730 | D:12     | HP: 10/100 [troll (7)]
 15803 | Lair:1   | Entered Level 1 of the Lair of Beasts
 16197 | Lair:1   | Noticed SnakkuSnakku7's ghost (novice OpEE)
 16199 | Lair:1   | Found a runed translucent gate.
 16199 | Lair:1   | Found a runed translucent gate.
 16201 | Lair:1   | Found a runed translucent gate.
 16653 | Lair:1   | Identified a scroll of acquirement
 16653 | Lair:1   | Acquired the +8 whip "Snakebite" {curare, rPois}
 16654 | Lair:1   | Found the +8 whip "Snakebite" {curare, rPois}
 16711 | Lair:1   | Killed SnakkuSnakku7's ghost
 16725 | Lair:1   | Reached XP level 13. HP: 47/107 MP: 17/17
 17037 | Lair:2   | Noticed Urug
 17163 | Lair:2   | Killed Urug
 17735 | Lair:2   | Received a gift from Okawaru
 18053 | Lair:2   | Reached skill level 10 in Slings
 18790 | Lair:3   | Found a staircase to the Swamp.
 19410 | Lair:4   | Received a gift from Okawaru
 19719 | Lair:4   | Found a staircase to the Snake Pit.
 19865 | Lair:4   | Noticed Sonja
 19928 | Lair:4   | Killed Sonja
 20441 | Lair:5   | Found a staircase to the Slime Pits.
 20456 | Lair:5   | Found a viscous altar of Jiyva.
 21007 | Lair:5   | Noticed an entropy weaver
 21053 | Lair:5   | Reached XP level 14. HP: 53/116 MP: 19/19
 21417 | Lair:5   | Found an opulent altar of Gozag.
 21478 | Lair:5   | Killed an entropy weaver
 21479 | Lair:5   | Reached skill level 10 in Maces & Flails
 21519 | Lair:5   | Received a gift from Okawaru
 21776 | Lair:5   | Noticed an entropy weaver
 21860 | Lair:5   | Killed an entropy weaver
 21860 | Lair:5   | Received a gift from Okawaru
 22543 | Lair:6   | Entered Level 6 of the Lair of Beasts
 25800 | Lair:6   | Got an ichor-stained plate armour
 25811 | Lair:6   | Identified the +1 plate armour of Powerful Contentment
                  | {*Contam rF+ rN++ MP+9} (You found it on level 6 of the
                  | Lair of Beasts)
 26882 | D:13     | Received a gift from Okawaru
 26958 | D:13     | Reached XP level 15. HP: 118/125 MP: 20/20
 27661 | D:14     | Found Raskyuq's Weapon Emporium.
 27971 | D:14     | Found a gate to the Vaults.
 28219 | D:14     | Received a gift from Okawaru
 28421 | D:14     | Found a large runed translucent door.
 28421 | D:14     | Found a large runed translucent door.
 28687 | D:15     | Entered Level 15 of the Dungeon
 28687 | D:15     | Found a transporter.
 28867 | D:15     | Found Orhaguca's Assorted Antiques.
 28893 | D:15     | Bought a scroll of teleportation for 123 gold pieces
 28893 | D:15     | Bought a wand of iceblast (7) for 164 gold pieces
 28893 | D:15     | Bought a scroll of fog for 82 gold pieces
 29415 | D:14     | HP: 11/126 [fire dragon/blast of flame (27)]
 30231 | D:15     | Noticed a frost giant
 30256 | D:15     | Killed a frost giant
 30586 | D:15     | Paralysed by a floating eye for 4 turns
 30630 | D:15     | Reached skill level 10 in Fighting
 30693 | D:15     | Found Bitwa's General Store.
 30693 | D:15     | Found a transporter.
 31045 | D:15     | Got a pitted tin ring
 31046 | D:15     | Identified the ring "Voedus" {rPois rC+ Str-5 Dex+8} (You
                  | found it on level 15 of the Dungeon)
 31138 | D:15     | Received a gift from Okawaru
 31354 | D:15     | Found Qebear's Magic Scroll Emporium.
 31378 | D:15     | Bought a scroll of teleportation for 57 gold pieces
 31378 | D:15     | Bought a scroll of magic mapping for 66 gold pieces
 31378 | D:15     | Bought a scroll of blinking for 142 gold pieces
 31378 | D:15     | Bought a scroll of magic mapping for 66 gold pieces
 31498 | D:15     | Reached XP level 16. HP: 127/134 MP: 22/22
 31502 | D:15     | Received a gift from Okawaru
 31503 | D:15     | Found the +8 demon trident "Rift" {distort, reach+}
 31530 | D:15     | Found a staircase to the Depths.
 31801 | D:15     | Got a warped jade ring
 31827 | D:15     | Reached skill level 10 in Invocations
 32034 | D:15     | Identified the ring of the Meadowlark {rCorr Stlth+} (You
                  | found it on level 15 of the Dungeon)
 32035 | D:15     | Identified the ring "Xisai" {+Fly Int+2} (You found it on
                  | level 15 of the Dungeon)
 32238 | Orc:1    | Entered Level 1 of the Orcish Mines
 32689 | Orc:1    | Found a frozen archway.
 32744 | IceCv    | Entered an ice cave
 34068 | Orc:2    | Entered Level 2 of the Orcish Mines
 34343 | Orc:2    | Received a gift from Okawaru
 34358 | Orc:2    | Found a staircase to the Elven Halls.
 34403 | Orc:2    | Noticed Azrael
 34617 | Orc:2    | Killed Azrael
 34687 | Orc:2    | Received a gift from Okawaru
 35226 | Orc:2    | Found Ufapent's Antique Armour Shop.
 35226 | Orc:2    | Found Zercho's Jewellery Emporium.
 35229 | Orc:2    | Found Vajaatim's Jewellery Shoppe.
 35231 | Orc:2    | Found Citoshoa's Armour Boutique.
 35236 | Orc:2    | Bought a cursed amulet of inaccuracy for 30 gold pieces
 35524 | Snake:1  | Entered Level 1 of the Snake Pit
 35542 | Snake:1  | Noticed Aizul
 35556 | Snake:1  | Killed Aizul
 35558 | Snake:1  | Received a gift from Okawaru
 35625 | Snake:1  | Received a gift from Okawaru
 36338 | Snake:1  | Found Ninkit's Distillery.
 36346 | Snake:1  | Bought a potion of heal wounds for 70 gold pieces
 36346 | Snake:1  | Bought a potion of heal wounds for 70 gold pieces
 36600 | Snake:1  | Acquired the +7 eveningstar "Gusysouk" {antimagic, rElec
                  | Dex+3}
 36684 | Snake:1  | Noticed Kirke
 36695 | Snake:1  | Killed Kirke
 36978 | Snake:1  | Acquired 742 gold pieces
 37017 | Snake:1  | HP: 12/136 [salamander/+4 trident (13)]
 37451 | Snake:2  | Reached XP level 17. HP: 143/143 MP: 23/23
 37648 | Snake:2  | Found Ocsiatiack's General Store.
 38071 | Snake:2  | Received a gift from Okawaru
 39082 | Snake:3  | Found Kinipruf's Weapon Emporium.
 39085 | Snake:3  | Bought 2 silver javelins for 86 gold pieces
 39216 | Snake:3  | Noticed Vashnia
 39236 | Snake:3  | Received a gift from Okawaru
 39264 | Snake:3  | Received a gift from Okawaru
 39327 | Snake:3  | Killed Vashnia
 39661 | Snake:3  | Identified a +0 pair of boots of running (Okawaru gifted it
                  | to you on level 3 of the Snake Pit)
 40423 | Snake:4  | Entered Level 4 of the Snake Pit
 40909 | Snake:4  | Found a sacrificial altar of Ru.
 41145 | Snake:4  | Received a gift from Okawaru
 41325 | Snake:4  | Reached XP level 18. HP: 151/151 MP: 8/24
 41357 | Snake:4  | Received a gift from Okawaru
 41358 | Snake:4  | Reached skill level 10 in Dodging
 42241 | Snake:4  | Reached skill level 10 in Armour
 42473 | Snake:4  | Reached skill level 10 in Evocations
 42575 | Snake:4  | Got a serpentine rune of Zot
 42729 | Swamp:1  | Entered Level 1 of the Swamp
 42753 | Lair:3   | Reached skill level 10 in Shields
 43753 | Swamp:2  | Identified Roxanne's Tome of Shape Shifting
 43753 | Swamp:2  | Noticed Roxanne
 44324 | Swamp:3  | Received a gift from Okawaru
 45440 | Swamp:4  | Entered Level 4 of the Swamp
 47538 | Swamp:4  | Killed from afar by an eleionoma

Illustrated notes

Levels and vault maps discovered:
D:1:      dpeg_arrival_radiant, layout_rooms
D:2:      layout_loops_corners, kennysheep_pointless_box, uniq_jessica,
          uniq_robin, uniq_crazy_yiuf_cottage, uniq_sigmund
D:3:      minmay_diamond_boxcup, layout_basic
D:4:      layout_basic, nicolae_overflow_hidden_temple
D:5:      layout_layer_cave, uniq_grinder, uniq_pikel, uniq_eustachio
D:6:      layout_basic, minmay_temple_entry_junction,
          brannock_xom_greatest_gift, uniq_prince_ribbit1, uniq_menkaure
D:7:      layout_basic
D:8:      layout_loops_ring, serial_shops, nicolae_shop_behind_doors
D:9:      layout_cave_pools, erik_orc_1, serial_shops,
          nicolae_shop_temple_entry_statues_fountains, minmay_diced_spiral,
          uniq_gastronok, uniq_erica
D:10:     layout_loops_corners, grunt_lair_entry_orc_guard_hut, uniq_erolcha,
          uniq_harold
D:11:     layout_cave_pools, basic_altar, minmay_checkerbox, uniq_snorg
D:12:     layout_basic
D:13:     layout_basic, nrook_mini_backslash
D:14:     layout_rooms, david_vaults_1, serial_shops, nicolae_shop_behind_doors,
          serial_glass, glass_columns_c, glass_columns_b, glass_columns_a,
          glass_columns_a, glass_columns_a, glass_columns_b,
          kennysheep_nondescript, lightli_elemental_guards
D:15:     hangedman_spin_cycle
Temple:   minmay_crystal_spiral_temple
Lair:1:   layout_cave_pods, gammafunk_ghost_split
Lair:2:   layout_small_grid, lemuel_fruit_tree, grunt_megastairs_2,
          lemuel_fruit_fields, uniq_urug
Lair:3:   layout_regular_city, swamp_mist_pool
Lair:4:   layout_long_grid, guppyfry_snake_entry_island,
          grunt_forest_stairs_clearing, lemuel_fruit_fields, uniq_sonja
Lair:5:   layout_regular_city, slime_altar_1, basic_altar, wad_woods_antlair
Lair:6:   grunt_lair_end_beastmaster, layout_concentric_octagons,
          nicolae_volcano_entry_batcave, ice2_lemuel
Swamp:1:  layout_basic_swamp, infiniplex_staircase_pool_2
Swamp:2:  layout_falls_marsh, evilmike_swamp_ruin_house_5, swamp_pool5,
          hangedman_swamp_diagram, uniq_donald, uniq_roxanne
Swamp:3:  layout_basic_swamp, hangedman_swamp_ruin_hall
Swamp:4:  swamp_vile, layout_basic_swamp, swamp_pool2
Snake:1:  layout_misc_corridors, serial_shops, shop, uniq_aizul, uniq_kirke
Snake:2:  layout_onion, serial_shops, shop, nrook_guardian_serpent_ordinary
Snake:3:  layout_cave_pods, serial_shops, nicolae_shop_crystal,
          serial_bayou_pond_b, serial_bayou_pond_c, uniq_vashnia
Snake:4:  grunt_snake_rune_spirals, layout_onion, basic_altar,
          serial_bayou_shore_a
Orc:1:    layout_caves, portal_ice_cave_demonic_guard
Orc:2:    st_orc_rangers, layout_caves, uniq_azrael

Skill      XL: |  1  2  3  4  5  6  7  8  9 10 11 12 13 14 15 16 17 18 |
---------------+-------------------------------------------------------+-----
Maces & Flails | 1 2 3 4 5 6 7 8 9 10 11 12 13 14 | 14.1
Dodging        | 2 3 4 5 6 7 8 9 10 | 10.6
Invocations    | 1 2 3 4 5 6 7 8 9 10 | 10.0
Slings         | 4 5 6 7 8 9 10 11 12 13 14 | 14.0
Armour         | 1 2 3 4 5 6 7 8 9 10 | 10.5
Shields        | 1 2 3 4 5 6 7 8 9 10 | 10.4
Evocations     | 1 2 3 4 5 6 7 8 9 10 | 10.4
Fighting       | 3 4 5 6 7 8 9 10 11 12 | 12.2
Stealth        | |  1.1

Action                   |  1- 3 |  4- 6 |  7- 9 | 10-12 | 13-15 | 16-18 || total
-------------------------+-------+-------+-------+-------+-------+-------++-------
Melee: Short sword       |    22 |   141 |   110 |   115 |       |       ||   388
       Morningstar       |       |       |    37 |    11 |       |       ||    48
       Whip              |       |       |   150 |   854 |    83 |       ||  1087
       Demon whip        |       |       |       |       |  1538 |   699 ||  2237
       Eveningstar       |       |       |       |       |       |  1006 ||  1006
 Fire: Hunting sling     |    27 |       |    29 |     4 |    34 |       ||    94
       Fustibalus        |       |       |       |       |   433 |   713 ||  1146
Throw: Dart              |     4 |    44 |    26 |    57 |     4 |       ||   135
       Stone             |       |       |       |     3 |       |       ||     3
Invok: Heroism           |       |       |       |     3 |     3 |     2 ||     8
       Finesse           |       |       |       |     2 |     4 |     2 ||     8
Evoke: Wand              |       |       |       |     3 |     1 |       ||     4
       Condenser vane    |       |       |       |       |       |     3 ||     3
  Use: Potion            |       |       |       |    16 |     1 |     7 ||    24
       Scroll            |       |       |       |    14 |     8 |    18 ||    40
 Stab: Sleeping          |     1 |       |       |       |       |       ||     1
       Confused          |       |       |       |       |       |     2 ||     2
Armor: Leather armour    |     9 |     5 |       |       |       |       ||    14
       Chain mail        |       |    72 |   184 |     6 |       |       ||   262
       Plate armour      |       |       |       |   543 |   950 |   994 ||  2487
       Skin              |       |       |       |     1 |       |       ||     1
Dodge: Dodged            |    10 |    82 |   106 |   252 |   565 |   887 ||  1902
Block: Kite shield       |       |       |       |   283 |   907 |   871 ||  2061
       Tower shield      |       |       |       |       |       |   551 ||   551
